 Dungeon Crawl Stone Soup version 0.30-a0-1085-g990a428a5c (webtiles) character file.

Game seed: 9498710846633584917

2027 avis the Cleaver (level 9, -2/70 (79) HPs)
             Began as a Hill Orc Monk on Apr 16, 2023.
             Was a Priest of Beogh.
             Slain by a wight
             ... wielding a +0 battleaxe
              (9 damage)
             ... on level 7 of the Dungeon on Apr 17, 2023.
             The game lasted 00:40:07 (7529 turns).

avis the Cleaver (Hill Orc Monk)                    Turns: 7529, Time: 00:40:08

HP:   -2/70 (79)    AC: 14    Str: 18    XL:     9   Next: 23%
MP:   11/12         EV: 12    Int: 16    God:    Beogh [***...]
Gold: 505           SH:  0    Dex: 13    Spells: 5/8 levels left

rFire   . . .      SeeInvis .    a - +0 hand axe
rCold   . . .      Faith    .    d - orb {light}
rNeg    . . .      Spirit   .    Q - +0 steam dragon scales
rPois   +          Reflect  .    b - +2 hat
rElec   .          Rampage  .    (no cloak)
rCorr   .                        S - +0 pair of gloves
Will    .....                    n - +0 pair of boots
Stlth   +                        (no amulet)
HPRegen 0.31/turn                j - +6 ring of intelligence
MPRegen 0.13/turn                M - ring of poison resistance

@: ice-armoured, glowing, heavily drained
A: no striking features
a: Renounce Religion, Smiting


You were on level 7 of the Dungeon.
You worshipped Beogh.
Beogh was most pleased with you.
You visited 2 branches of the dungeon, and saw 8 of its levels.

You collected 505 gold pieces.

Inventory:

Hand Weapons
 a - a +0 hand axe (weapon)
 c - a +0 dagger of venom
 y - a +0 spear
 G - a +0 trident
 K - a +0 rapier of draining
 O - a +0 spear
 P - a +0 halberd
Missiles
 z - 5 boomerangs
 D - 25 stones
 F - 6 poisoned darts (quivered)
Armour
 b - a +2 hat (worn)
 d - an orb of light (worn)
 f - a +0 chain mail
 n - a +0 pair of boots (worn)
 N - a +1 leather armour of cold resistance
 Q - +0 steam dragon scales (worn)
 S - a +0 pair of gloves (worn)
Jewellery
 j - a +6 ring of intelligence (left hand)
 M - a ring of poison resistance (right hand)
Wands
 B - a wand of polymorph (4)
 E - a wand of light (4)
 L - a wand of iceblast (22)
Scrolls
 e - 2 scrolls of magic mapping {unknown}
 i - a scroll of fog {unknown}
 m - 2 scrolls of noise {unknown}
 o - 5 scrolls of teleportation {unknown}
 p - a scroll of amnesia {unknown}
 q - a scroll of blinking {unknown}
 s - 6 scrolls of identify {unknown}
 x - 2 scrolls of poison {unknown}
 A - a scroll of acquirement {unknown}
 H - a scroll of summoning {unknown}
 J - a scroll of fear {unknown}
 R - a scroll of enchant weapon {unknown}
Potions
 g - 2 potions of lignification {unknown}
 h - a potion of magic {unknown}
 k - 2 potions of resistance {unknown}
 l - a potion of mutation {unknown}
 r - a potion of curing {unknown}
 t - 2 potions of flight {unknown}
 u - a potion of cancellation {unknown}
 v - 2 potions of invisibility {unknown}
 w - 4 potions of degeneration {unknown}
 C - a potion of brilliance {unknown}
 I - a potion of haste {unknown}


   Skills:
 + Level 7.0 Fighting
 + Level 12.9 Axes
 - Level 2.4 Dodging
 * Level 2.1 Ice Magic
 - Level 5.0 Invocations


You had 5 spell levels left.
You knew the following spells:

 Your Spells              Type           Power      Damage    Failure   Level
o - Ozocubu's Armour      Ice            6%         N/A       32%         3

Your spell library contained the following spells:

 Spells                   Type           Power      Damage    Failure   Level
 Cigotuvi's Dreadful Rot  Necr/Pois/Air  0%         N/A       36%         2
 Call Canine Familiar     Summ           0%         N/A       58%         3
 Ignite Poison            Fire/Tmut/Pois 0%         N/A       58%         3
 Portal Projectile        Hex/Tloc       0%         N/A       58%         3
 Dispel Undead            Necr           0%         3d6       94%         4
 Leda's Liquefaction      Hex/Erth       0%         N/A       94%         4
 Freezing Cloud           Conj/Ice/Air   1%         6-21      99%         5
 Metabolic Englaciation   Hex/Ice        1%         N/A       99%         5
 Death Channel            Necr           0%         N/A       100%        6
 Simulacrum               Ice/Necr       1%         N/A       100%        6


Dungeon Overview and Level Annotations

Branches:
Dungeon (7/15)             Temple (1/1) D:4

Altars:
Ashenzari
Dithmenos
Fedhas
Gozag
Hepliaklqana
Kikubaaqudgha
Makhleb
Nemelex Xobeh
Okawaru
Qazlal
Sif Muna
Trog
Uskayaw
Wu Jian
Xom
Yredelemnul
Zin
The Shining One

Shops:
D:1 :

Annotations:
D:5 3 runed translucent doors, MrSquiggles's ghost, amateur DsGl; cheesebisquit's ghost, novice DjFE


Message History

The wight is moderately damaged.
The wight barely misses you.
You hit the wight.
The wight is moderately damaged.
You hit the wight but do no damage.
The wight is moderately damaged.
The wight misses you.
You barely miss the wight.
The wight is moderately damaged.
The wight barely misses you.
You hit the wight but do no damage.
The wight is moderately damaged.
You hit the wight but do no damage.
The wight is moderately damaged.
The wight hits you with a +0 battleaxe!
You feel drained.
You hit the wight.
The wight is heavily damaged.
The wight hits you with a +0 battleaxe.
You feel drained.
You hit the wight.
The wight is almost destroyed.
You hit the wight but do no damage.
The wight is almost destroyed.
The wight misses you.
You hit the wight but do no damage.
The wight is almost destroyed.
The wight hits you with a +0 battleaxe!
* * * LOW HITPOINT WARNING * * *
You feel drained.
* * * LOW HITPOINT WARNING * * *
You barely miss the wight.
The wight is almost destroyed.
Okay, then.
You hit the wight but do no damage.
The wight is almost destroyed.
The wight hits you with a +0 battleaxe.
* * * LOW HITPOINT WARNING * * *
You hit the wight but do no damage.
The wight is almost destroyed.
The wight hits you with a +0 battleaxe!
You die...

## .. ######
###.##....####
......z.....<#
......)@.#.#.#
..#####..#.#.#
..#≈≈≈#....#.#
..#≈≈≈#..###.#
..#≈≈≈#..# #.#
..#####..# .#.
.......... # #
.........
######...


You could see a wight.

Vanquished Creatures
  Prince Ribbit (D:5)
  2 steam dragons (D:6)
  Menkaure (D:6)
  A water moccasin (D:5)
  An ice beast (D:4)
  2 ogres
  Blork the orc (D:5)
  3 scorpions
  A wight (D:7)
  A quasit (D:5)
  3 hounds
  2 jellies (D:6)
  A gnoll bouda (D:5)
  5 orc priests
  Natasha (thrice) (D:3)
  Terence (D:3)
  An iguana (D:4)
  A sleepcap (D:4)
  2 orc wizards
  5 gnolls
  11 adders
  A white imp (D:6)
  An ufetubus (D:5)
  3 dart slugs
  15 orcs
  7 ball pythons
  5 endoplasms
  11 giant cockroaches
  A goblin (D:4)
  2 hobgoblins
  2 jackals (D:2)
  6 quokkas
  4 bats
  A frilled lizard (D:1)
  5 kobolds
  8 rats
121 creatures vanquished.

Vanquished Creatures (others)
  An orc priest (D:4)
1 creature vanquished.

Grand Total: 122 creatures vanquished

Notes
Turn   | Place    | Note
-------+----------+-------------------------------------------
     0 | D:1      | avis the Hill Orc Monk began the quest for the Orb.
     0 | D:1      | Reached XP level 1. HP: 19/19 MP: 1/1
   110 | D:1      | Found Dedeyruo's Book Shoppe.
   132 | D:1      | Reached XP level 2. HP: 26/26 MP: 2/2
   160 | D:1      | Found a blossoming altar of Fedhas.
   257 | D:1      | Reached skill level 5 in Axes
   406 | D:2      | Reached XP level 3. HP: 31/31 MP: 3/3
   510 | D:2      | Reached skill level 6 in Axes
   521 | D:2      | Reached XP level 4. HP: 27/39 MP: 4/4
  1107 | D:3      | Reached skill level 7 in Axes
  1188 | D:3      | Reached XP level 5. HP: 45/45 MP: 5/5
  1229 | D:3      | Noticed Terence
  1244 | D:3      | Killed Terence
  1562 | D:3      | Reached skill level 8 in Axes
  1846 | D:3      | Noticed Natasha
  1855 | D:3      | Killed Natasha
  1951 | D:3      | Found a faded altar of an unknown god.
  1958 | D:3      | Found a stormy altar of Qazlal.
  2141 | D:3      | Noticed Natasha
  2151 | D:3      | Killed Natasha
  2152 | D:3      | Reached XP level 6. HP: 28/52 MP: 6/6
  2442 | D:3      | Noticed Natasha
  2461 | D:3      | Killed Natasha
  2715 | D:4      | Found a staircase to the Ecumenical Temple.
  2734 | Temple   | Entered the Ecumenical Temple
  2889 | D:4      | Became a worshipper of Beogh the Brigand
  2889 | D:4      | Reached * piety under Beogh
  2889 | D:4      | Reached ** piety under Beogh
  2913 | D:4      | Reached skill level 9 in Axes
  3275 | D:4      | Noticed an ice beast
  3301 | D:4      | Reached XP level 7. HP: 39/59 MP: 7/7
  3323 | D:4      | Reached skill level 10 in Axes
  3797 | D:4      | Found a blossoming altar of Fedhas.
  3869 | D:4      | Found a bloodstained altar of Trog.
  4547 | D:5      | Entered Level 5 of the Dungeon
  4575 | D:5      | Reached skill level 5 in Fighting
  4575 | D:5      | Reached skill level 11 in Axes
  4575 | D:5      | Reached skill level 1 in Invocations
  4741 | D:5      | Noticed Blork the orc
  4753 | D:5      | Killed Blork the orc
  4754 | D:5      | Reached XP level 8. HP: 28/68 MP: 9/9
  5176 | D:5      | Reached *** piety under Beogh
  5439 | D:5      | Noticed Grinder
  5440 | D:5      | Paralysed by Grinder for 4 turns
  5446 | D:5      | Grinder changed into Grinder the quasit
  5446 | D:5      | Noticed Grinder
  5452 | D:5      | Killed Grinder the quasit
  5505 | D:5      | Noticed Prince Ribbit
  5529 | D:5      | Killed Prince Ribbit
  5530 | D:5      | Reached skill level 12 in Axes
  5745 | D:5      | Found a sparkling altar of Nemelex Xobeh.
  6113 | D:5      | Found a runed translucent gate.
  6113 | D:5      | Found a runed translucent gate.
  6115 | D:5      | Found a runed translucent gate.
  6119 | D:5      | Noticed cheesebisquit's ghost (novice DjFE)
  6119 | D:5      | Noticed MrSquiggles's ghost (amateur DsGl)
  6545 | D:5      | Learned a level 3 spell: Ozocubu's Armour
  6724 | D:6      | Reached XP level 9. HP: 29/78 MP: 12/12
  7163 | D:6      | Reached skill level 1 in Ice Magic
  7163 | D:6      | Reached skill level 5 in Invocations
  7175 | D:6      | Noticed Menkaure
  7209 | D:6      | Killed Menkaure
  7529 | D:7      | Slain by a wight

Illustrated notes

Levels and vault maps discovered:
D:1:      dpeg_arrival_simpleton_c, layout_rooms, serial_shops, shop,
          minmay_hexomino_r4
D:2:      minmay_roachtagon, layout_rooms
D:3:      layout_basic, nicolae_overflow_ecumenical_swirl,
          kennysheep_generic_room_16, uniq_natasha, uniq_terence
D:4:      cheibrodos_pilgrimage, layout_basic, trog_book, kennysheep_mini,
          minmay_temple_entry_offerings
D:5:      layout_layer_cave, nemelex_diamond_rough_becter,
          gammafunk_ghost_cemetery, uniq_grinder, uniq_blork_the_orc,
          uniq_prince_ribbit1
D:6:      minmay_klotski, layout_basic, nrook_loot_triangle,
          kennysheep_generic_room_11, uniq_menkaure
D:7:      layout_loops_ring, serial_aquarium, aquarium_bridge_straight
          [aquarium_subvault_bridge, aquarium_subvault_window,
          aquarium_subvault_bridge, aquarium_subvault_window],
          aquarium_window_fake, aquarium_window_corridor_1,
          aquarium_window_fake, aquarium_window_1, aquarium_view_2g,
          aquarium_balcony_3a, aquarium_pool_2
Temple:   nicolae_temple_two_arcs

Skill      XL: |  1  2  3  4  5  6  7  8  9 |
---------------+----------------------------+-----
Axes           | 5 6 7 8 9 11 12 | 12.9
Fighting       | 4 5 6 7 |  7.0
Invocations    | 2 4 5 |  5.0
Ice Magic      | 2 |  2.1
Dodging        | |  2.4

Action                     |  1- 3 |  4- 6 |  7- 9 || total
---------------------------+-------+-------+-------++-------
  Melee: Hand axe          |    61 |   185 |   288 ||   534
  Throw: Boomerang         |       |     4 |       ||     4
         Stone             |       |     2 |       ||     2
         Dart              |       |     2 |    11 ||    13
   Cast: Ozocubu's Armour  |       |       |     3 ||     3
 Invoke: Convert to Beogh  |       |     1 |       ||     1
  Evoke: Wand              |       |       |     2 ||     2
    Use: Potion            |       |     2 |     2 ||     4
 Armour: Chain mail        |    28 |    72 |    95 ||   195
         Robe              |     1 |       |       ||     1
         Steam dragon scal |       |       |     8 ||     8
  Dodge: Dodged            |    26 |    52 |    87 ||   165

Table legend: (Time is in decaauts)
 A = Elapsed time spent in this place.
 B = Non-inter-level travel time spent in this place.
 C = Inter-level travel time spent in this place.
 D = Time resting spent in this place.
 E = Time spent auto-exploring this place.
 F = Levels seen in this place.
 G = Mean time per level.
                   A        B        C        D        E       F      G
               +--------+--------+--------+--------+--------+-----+--------+
         Total |   7442 |   6457 |    985 |   1455 |   2997 |   8 |  930.2 |
       Dungeon |   7290 |   6312 |    978 |   1455 |   2894 |   7 | 1041.4 |
        Temple |    152 |    145 |      7 |      0 |    103 |   1 |  152.0 |
               +--------+--------+--------+--------+--------+-----+--------+

Top non-repeatable levels by time:
     D:4: 2130 daAuts
     D:5: 1707 daAuts
     D:3: 1551 daAuts
     D:6: 871 daAuts
     D:2: 545 daAuts
     D:1: 459 daAuts
  Temple: 152 daAuts
     D:7: 24 daAuts
